 Dungeon Crawl Stone Soup version 0.29.1-1-gd02db6906a (webtiles) character file.

Game seed: 7324793328430725093

11 RatsInWalls the Ducker (level 2, 0/24 HPs)
             Began as a Human Monk on Oct 20, 2022.
             Slain by a quokka (4 damage)
             ... on level 1 of the Dungeon.
             The game lasted 00:01:50 (321 turns).

RatsInWalls the Ducker (Human Monk)                  Turns: 321, Time: 00:01:51

Health: 0/24       AC:  2    Str: 11    XL:     2   Next: 35%
Magic:  2/2        EV: 13    Int: 10    God:
Gold:   19         SH:  0    Dex: 15    Spells: 1/1 levels left

rFire   . . .      SeeInvis .   a - +0 spear
rCold   . . .      Faith    .   (no shield)
rNeg    . . .      Spirit   .   b - +0 robe
rPois   .          Reflect  .   (no helmet)
rElec   .          Harm     .   (no cloak)
rCorr   .          Rampage  .   (no gloves)
Will    .....                   (no boots)
Stlth   ++........              (no amulet)
HPRegen 0.08/turn               (no ring)
MPRegen 0.08/turn               (no ring)

@: no status effects
A: no striking features
a: no special abilities


You were on level 1 of the Dungeon.
You visited 1 branch of the dungeon, and saw 1 of its levels.

You collected 19 gold pieces.

Inventory:

Hand Weapons
 a - a +0 spear (weapon)
Armour
 b - a +0 robe (worn)
Magical Staves
 f - a staff of death
Scrolls
 d - a scroll of vulnerability {unknown}
 e - a scroll of silence {unknown}
 g - a scroll of magic mapping {unknown}
 h - a scroll of poison {unknown}
 j - a scroll of butterflies {unknown}
Potions
 c - a potion of ambrosia
 i - a potion of curing {unknown}


   Skills:
 + Level 3.1 Fighting
 + Level 3.1 Polearms
 + Level 0.7 Armour
 + Level 3.1 Dodging
 - Level 2.0 Stealth


You had one spell level left.
You didn't know any spells.
Your spell library was empty.

Dungeon Overview and Level Annotations

Branches:
Dungeon (1/15)

Altars:

Annotations:
D:1 2 transporters


Message History

The ball python constricts you.
You hit the ball python.
You kill the ball python!
i - a cyan potion
Found a leather armour.
Found a flail.
j - a scroll labelled BUOSAED JASIN A bat comes into view.
A bat is nearby!
A quokka and a kobold come into view.
The bat completely misses you.
You hit the bat.
The bat is heavily wounded.
The bat closely misses you.
You hit the bat.
You kill the bat!
The kobold shouts!
A bat comes into view.
You miss the quokka. The quokka bites you.
You barely miss the quokka. The quokka bites you.
You barely miss the quokka. The quokka barely misses you.
You closely miss the quokka. The quokka closely misses you.
The kobold closely misses you.
You hit the quokka.
The quokka is lightly wounded.
The quokka misses you.
You closely miss the quokka. Your punch misses the quokka.
The quokka is lightly wounded.
The quokka barely misses you.
You barely miss the quokka.
The quokka is lightly wounded.
The quokka bites you.
You barely miss the quokka.
The quokka is lightly wounded.
The quokka bites you. x2
* * * LOW HITPOINT WARNING * * *
The quokka attacks as you move away! The quokka bites you.
* * * LOW HITPOINT WARNING * * *
The quokka attacks as you move away! The quokka bites you.
You die...

...###........#######.######
.......................### ##
#...###........#######.#.###.
#... ########....# #.......
##...#########.....####.#.###.
.....................#####...
#.....#..........#### #.....
#.....#..........# #.....
#.....#..Kr@.....# #...##
######.....#..........# #.#...
......$...............# ######
#......####.....###### +
........# #......# # ##...r..#
#......# # .b......# #......#
# ........# ####...# ###
....K...# #### #.##


You could see a quokka and a kobold.

Vanquished Creatures
  A ball python (D:1)
  An endoplasm (D:1)
  A goblin (D:1)
  A hobgoblin (D:1)
  A jackal (D:1)
  A kobold (D:1)
  2 bats (D:1)
  A rat (D:1)
9 creatures vanquished.

Notes
Turn   | Place    | Note
-------+----------+-------------------------------------------
     0 | D:1      | RatsInWalls the Human Monk began the quest for the Orb.
     0 | D:1      | Reached XP level 1. HP: 18/18 MP: 1/1
   164 | D:1      | Reached XP level 2. HP: 22/24 MP: 2/2
   321 | D:1      | Slain by a quokka

Illustrated notes

Levels and vault maps discovered:
D:1:      spicycebolla_arrival_transporter_tutorial, layout_basic,
          ebering_ecumenical_altar_rust, st_stairs_3, chequers_jeans,
          grunt_decor_fettered, kennysheep_nondescript

Action                   || total
-------------------------++-------
Melee: Spear             ||    38
       Punch             ||     1
 Stab: Sleeping          ||     1
Armor: Robe              ||     3
Dodge: Dodged            ||    24
